 Dungeon Crawl Stone Soup version 0.31.0-2-g5a2aebc5c2 (webtiles) character file.

Game seed: 1365823606397250170

66740 ssalbiz the Severer (level 14, -6/135 HPs)
             Began as a Minotaur Berserker on Jan 21, 2024.
             Was a High Priest of Trog.
             Mangled by a bog body (11 damage)
             ... on level 1 of the Swamp.
             The game lasted 00:29:58 (22944 turns).

ssalbiz the Severer (Minotaur Berserker)           Turns: 22944, Time: 00:29:59

Health: -6/135     AC: 22    Str: 26    XL:     14   Next: 80%
Magic:  13/13      EV: 12    Int:  4    God:    Trog [*****.]
Gold:   541        SH:  5    Dex: 11    Spells: 13/13 levels left

rFire   . . .        X - +4 broad axe (flame)
rCold   . . .        (no shield)
rNeg    . . .        R - +0 plate armour {rPois}
rPois   +            (helmet restricted)
rElec   .            v - +0 cloak {Stlth+}
rCorr   .            y - +0 pair of gloves
SInv    +            r - +0 pair of boots
Will    +++..        A - amulet of reflection Stlth
                     j - ring of see invisible
HPRegen 1.42/turn    N - +4 ring of slaying
MPRegen 0.13/turn

%: reflection
@: strong-willed, on berserk cooldown, regenerating, slowed, studying Axes, very
slow
A: horns 2, retaliatory headbutt
a: Renounce Religion, Berserk, Trog's Hand, Brothers in Arms


You were on level 1 of the Swamp.
You worshipped Trog.
Trog was extremely pleased with you.
You visited 5 branches of the dungeon, and saw 19 of its levels.

You collected 1881 gold pieces.
You spent 1340 gold pieces at shops.

Inventory:

Hand Weapons
 E - a +0 war axe of freezing
 X - a +4 broad axe of flaming (weapon)
Missiles
 a - 4 throwing nets (quivered)
Armour
 k - a +2 robe of cold resistance
 r - a +0 pair of boots (worn)
 s - a scarf of repulsion
 v - a +0 cloak of stealth (worn)
 y - a +0 pair of gloves (worn)
 R - a +0 plate armour of poison resistance (worn)
Jewellery
 d - a ring of poison resistance
 j - a ring of see invisible (left hand)
 A - an amulet of reflection (around neck)
 N - a +4 ring of slaying (right hand)
Wands
 l - a wand of flame (36)
 D - a wand of polymorph (14)
 F - a wand of quicksilver (20)
 G - a wand of paralysis (13)
 L - a wand of roots (3)
 S - a wand of digging (4)
Scrolls
 b - a scroll of acquirement {unknown}
 c - 2 scrolls of poison {unknown}
 e - 2 scrolls of vulnerability {unknown}
 f - 2 scrolls of fear {unknown}
 h - 7 scrolls of blinking {unknown}
 t - 2 scrolls of revelation {unknown}
 w - a scroll of noise {unknown}
 B - 2 scrolls of torment {unknown}
 C - 2 scrolls of enchant armour {unknown}
 H - a scroll of immolation {unknown}
 I - 3 scrolls of fog {unknown}
 K - 2 scrolls of teleportation {unknown}
 O - a scroll of enchant weapon {unknown}
 P - 2 scrolls of amnesia {unknown}
 V - a scroll of summoning {unknown}
Potions
 i - 5 potions of heal wounds
 m - 7 potions of lignification
 n - 2 potions of berserk rage
 o - 2 potions of ambrosia
 p - 7 potions of curing
 q - 5 potions of might
 x - 2 potions of enlightenment
 J - 3 potions of haste
 U - a potion of magic {unknown}
Miscellaneous
 W - a phantom mirror


   Skills:
 + Level 15.6 Fighting
 + Level 19.8 Axes
 + Level 15.2 Armour
 + Level 14.1 Dodging


You had 13 spell levels left.
You didn't know any spells.
Your spell library was empty.

Dungeon Overview and Level Annotations

Branches:
Dungeon (10/15)            Temple (1/1) D:6            Lair (5/5) D:10
  Swamp (1/4) Lair:2       Spider (0/4) Lair:3        Slime (0/5) Lair:4
    Orc (2/2) D:9             Elf (0/3) Orc:2

Altars:
Ashenzari
Cheibriados
Dithmenos
Elyvilon
Fedhas
Gozag
Hepliaklqana
Kikubaaqudgha
Makhleb
Nemelex Xobeh
Okawaru
Qazlal
Ru
Sif Muna
Trog
Uskayaw
Vehumet
Wu Jian
Xom
Yredelemnul
Zin
The Shining One
Jiyva

Shops:
D:9 :   Orc:2 =::*

Annotations:
D:8 3 runed translucent doors, Zeor's ghost, novice DsSh
Lair:1 1 runed translucent door, case's ghost, journeyman MiBe


Innate Abilities, Weirdness & Mutations

You have a pair of horns on your head.
You reflexively headbutt those who attack you in melee.


Message History

The bunyip misses you. You furiously retaliate!
You headbutt the bunyip!
The bunyip claws you but does no damage. x2
Unknown command.
You slice the eleionoma!! You burn the eleionoma.
You kill the eleionoma!
Trog accepts your kill.
You slash the bog body! You burn the bog body. You slice the bunyip!!
You burn the bunyip. You slash the bunyip! You burn the bunyip.
The bog body touches you but does no damage.
Your Dodging skill increases to level 14!
You slice the bunyip like a ripe choko!!!
You burn the bunyip.
You kill the bunyip!
Trog accepts your kill.
You slice the bog body!! You burn the bog body.
You destroy the bog body!
Trog accepts your kill.
Trog appreciates your killing of a magic user.
You slice the bunyip!! You burn the bunyip! You slash the bunyip!
You burn the bunyip.
You kill the bunyip!
Trog accepts your kill.
You feel a strong urge to attack something.
A bog body comes into view.
You feel your anger nearly subside.
You are no longer berserk.
You are exhausted.
You feel as though you will be slow longer.
The sentinel's mark upon you fades away.
The bog body touches you but does no damage.
A bog body comes into view.
The bog body touches you!
* * * LOW HITPOINT WARNING * * *
The bog body freezes you!!
* * * LOW HITPOINT WARNING * * *
You slash the bog body! You burn the bog body. You headbutt the bog body!
The bog body is heavily damaged.
The bog body touches you.
* * * LOW HITPOINT WARNING * * *
The bog body freezes you!
You die...

.#÷#..#....~.
.....#..~~..
#....~~.~~).
..~~~...~.§ ~.
####'..~.).... ...
#...~.~)...~~~ ♣..
#.......~.~~..
♣..#####..†~~./..~~~.
♣.nn@......./.♣~?~..
♣♣.....~~.~~.~.~..~♣
♣♣♣~~.>.§~.♣.~...$.
♣§~~♣♣♣..♣♣♣.♣§.[.
♣♣..♣♣♣.♣♣ ♣♣♣.~.
♣~~~♣♣.♣ ♣. ♣~.♣♣♣.♣
♣..♣ ♣.♣ ~~~.♣♣ ♣.♣♣


You could see 2 bog bodies.

Vanquished Creatures
  Mlioglotl (Swamp:1)
  4 eleionomae (Swamp:1)
  2 bunyips (Swamp:1)
  Fannar (Orc:1)
  2 hydras
  Erolcha (D:10)
  2 ogre magi (Orc:2)
  Erica (D:10)
  9 two-headed ogres
  2 skysharks (Lair:4)
  A fire crab (Lair:4)
  2 deep trolls (Orc:2)
  A swamp dragon (Swamp:1)
  3 bog bodies
  An orc knight (D:9)
  A lindwurm (Lair:4)
  2 cyclopes (Orc:2)
  Maurice (D:10)
  A manticore (D:7)
  Joseph (D:10)
  8 elephants (Lair:4)
  3 black mambas
  16 cane toads
  2 torpor snails
  An unseen horror (D:10)
  4 komodo dragons
  4 rime drakes
  12 trolls
  7 polar bears
  3 tyrant leeches
  7 hornets
  7 blink frogs
  4 dream sheep
  3 culicivoras (Lair:3)
  6 wyverns
  17 spriggans
  40 yaks
  2 basilisks (Lair:1)
  6 steam dragons
  2 wargs
  6 vampire mosquitoes
  A swamp worm (Swamp:1)
  9 water moccasins
  An acid dragon (D:8)
  Duvessa (D:7)
  A swamp drake (D:9)
  2 sky beasts (D:7)
  6 ice beasts
  10 orc warriors
  3 black bears
  21 ogres
  4 boggarts (Lair:5)
  33 wolves
  3 centaurs
  3 phantoms
  3 kobold brigands (D:10)
  9 bullfrogs
  3 gnoll sergeants
  4 scorpions
  7 wights (D:7)
  Dowan (D:7)
  18 killer bees
  An electric eel (Lair:2)
  5 howler monkeys
  11 hounds
  6 jellies
  6 orc priests
  A bombardier beetle (D:4)
  A gnoll bouda (D:7)
  7 iguanas
  17 orc wizards
  A sleepcap (D:7)
  Natasha (thrice) (D:4)
  18 gnolls
  6 adders
  2 shadow imps
  2 white imps (D:7)
  3 dart slugs
  3 ribbon worms
  55 orcs
  10 ball pythons
  8 bats
  11 endoplasms
  A giant cockroach (D:1)
  5 hobgoblins
  4 jackals
  6 quokkas
  2 frilled lizards
  13 goblins
  8 kobolds
  7 rats
565 creatures vanquished.

Vanquished Creatures (others)
  An orc (Orc:1)
1 creature vanquished.

Grand Total: 566 creatures vanquished

Notes
Turn   | Place    | Note
-------+----------+-------------------------------------------
     0 | D:1      | ssalbiz the Minotaur Berserker began the quest for the Orb.
     0 | D:1      | Reached XP level 1. HP: 19/19 MP: 0/0
    73 | D:1      | Reached skill level 4 in Axes
   137 | D:1      | Reached XP level 2. HP: 26/26 MP: 1/1
   494 | D:1      | Reached skill level 5 in Axes
   574 | D:2      | Reached XP level 3. HP: 26/31 MP: 2/2
   578 | D:2      | Reached ** piety under Trog
   579 | D:2      | Found a faded altar of an unknown god.
   881 | D:2      | Reached XP level 4. HP: 39/39 MP: 3/3
   887 | D:2      | Reached skill level 6 in Axes
  1212 | D:3      | Noticed an ice beast
  1219 | D:3      | Killed an ice beast
  1220 | D:3      | Reached skill level 7 in Axes
  1220 | D:3      | Reached XP level 5. HP: 32/45 MP: 4/4
  1395 | D:3      | Found a hazy altar of Hepliaklqana.
  1535 | D:3      | Reached *** piety under Trog
  1721 | D:4      | Noticed Natasha
  1723 | D:4      | Killed Natasha
  1734 | D:4      | Noticed a black bear
  1736 | D:4      | Reached skill level 8 in Axes
  1741 | D:4      | Killed a black bear
  1742 | D:4      | Reached XP level 6. HP: 40/51 MP: 5/5
  1746 | D:4      | Noticed Natasha
  1839 | D:4      | Killed Natasha
  2169 | D:4      | Reached skill level 9 in Axes
  2233 | D:4      | Noticed Natasha
  2244 | D:4      | Killed Natasha
  2736 | D:5      | Entered Level 5 of the Dungeon
  2744 | D:5      | Reached XP level 7. HP: 57/57 MP: 6/6
  2850 | D:5      | Reached skill level 10 in Axes
  3368 | D:5      | Reached skill level 11 in Axes
  3707 | D:5      | Found a sparkling altar of Nemelex Xobeh.
  3733 | D:5      | Found an ornate altar of the Wu Jian Council.
  3824 | D:5      | Reached XP level 8. HP: 64/64 MP: 7/7
  4022 | D:6      | Identified the +0 ring mail "Vurimn" {rElec rPois SInv
                  | Stlth-}
  4050 | D:6      | Reached skill level 12 in Axes
  4258 | D:6      | Reached **** piety under Trog
  4359 | D:6      | Found a staircase to the Ecumenical Temple.
  4686 | D:6      | Reached skill level 13 in Axes
  5219 | Temple   | Entered the Ecumenical Temple
  5269 | D:7      | Reached skill level 14 in Axes
  5367 | D:7      | Found an ancient bone altar of Kikubaaqudgha.
  5376 | D:7      | Found a shimmering blue altar of Sif Muna.
  5452 | D:7      | Reached XP level 9. HP: 70/70 MP: 8/8
  5777 | D:7      | Reached skill level 15 in Axes
  6120 | D:7      | Reached skill level 16 in Axes
  6258 | D:7      | Noticed a manticore
  6280 | D:7      | Killed a manticore
  6324 | D:7      | Reached skill level 5 in Fighting
  6494 | D:7      | Found a shimmering altar of Xom.
  6555 | D:7      | Noticed Duvessa
  6555 | D:7      | Noticed Dowan
  6562 | D:7      | Killed Duvessa
  6563 | D:7      | Reached XP level 10. HP: 81/81 MP: 9/9
  6563 | D:7      | Found a basalt altar of Yredelemnul.
  6570 | D:7      | Killed Dowan
  7015 | D:7      | Reached skill level 5 in Armour
  7106 | D:8      | Identified the +7 plate armour "Huopnesch" {rC+ Slay+2}
  7106 | D:8      | Noticed Zeor's ghost (novice DsSh)
  7108 | D:8      | Found a runed translucent gate.
  7109 | D:8      | Found a runed translucent gate.
  7465 | D:8      | Reached skill level 5 in Dodging
  7897 | D:8      | Identified the +1 robe of Thoughtfulness {^Contam rPois
                  | Int+2 Archmagi}
  8050 | D:8      | Found a runed translucent gate.
  8617 | D:9      | Found a broken altar of Ashenzari.
  9034 | D:9      | Reached XP level 11. HP: 69/94 MP: 10/10
  9197 | D:9      | Found a staircase to the Orcish Mines.
  9197 | D:9      | Noticed a two-headed ogre
  9244 | D:9      | Killed a two-headed ogre
  9332 | D:9      | Found Pemman's Book Boutique.
 10444 | D:10     | Entered Level 10 of the Dungeon
 10515 | D:10     | Found a staircase to the Lair.
 10546 | D:10     | Noticed Erolcha
 10556 | D:10     | Killed Erolcha
 10733 | D:10     | Noticed Maurice
 10756 | D:10     | Killed Maurice
 10890 | D:10     | Noticed Joseph
 10900 | D:10     | Killed Joseph
 10962 | D:10     | Noticed Erica
 10973 | D:10     | Killed Erica
 10974 | D:10     | Reached skill level 10 in Fighting
 11497 | D:10     | Noticed a three-headed hydra
 11506 | D:10     | Killed a six-headed hydra
 11507 | D:10     | Reached skill level 10 in Armour
 11678 | D:10     | Found an iron altar of Okawaru.
 11851 | Orc:1    | Entered Level 1 of the Orcish Mines
 11855 | Orc:1    | Reached ***** piety under Trog
 11998 | Orc:1    | Noticed an orc knight
 12015 | D:9      | Killed an orc knight
 12016 | D:9      | Reached XP level 12. HP: 108/108 MP: 11/11
 12050 | Orc:1    | Noticed Fannar
 12248 | Orc:1    | Killed Fannar
 12569 | Orc:2    | Entered Level 2 of the Orcish Mines
 12573 | Orc:2    | Found a staircase to the Elven Halls.
 12576 | Orc:2    | Found Impuag's Book Emporium.
 12576 | Orc:2    | Noticed a two-headed ogre
 12576 | Orc:2    | Noticed a two-headed ogre
 12595 | Orc:2    | Killed a two-headed ogre
 12597 | Orc:2    | Reached skill level 10 in Dodging
 12742 | Orc:2    | Noticed a two-headed ogre
 12841 | Orc:2    | Killed a two-headed ogre
 12942 | Orc:2    | Noticed a two-headed ogre
 12942 | Orc:2    | Noticed a two-headed ogre
 12953 | Orc:1    | HP: 7/166 [two-headed ogre/+0 giant club (22)]
 12953 | Orc:1    | HP: 1/166 [two-headed ogre/+0 giant club (6)]
 12956 | Orc:1    | Killed a two-headed ogre
 12957 | Orc:1    | Killed a two-headed ogre
 13589 | Orc:2    | Noticed a two-headed ogre
 13589 | Orc:2    | Noticed a two-headed ogre
 13847 | Orc:2    | Killed a two-headed ogre
 13903 | Orc:2    | Killed a two-headed ogre
 13919 | Orc:2    | Noticed an ogre mage
 13945 | Orc:2    | Noticed an ogre mage
 14014 | Orc:2    | Killed an ogre mage
 14018 | Orc:2    | Killed an ogre mage
 14185 | Orc:2    | Found Nuwint's General Store.
 14207 | Orc:2    | Noticed a two-headed ogre
 14509 | Orc:1    | Killed a two-headed ogre
 14618 | Orc:2    | Found Godoeguk's Jewellery Shop.
 14621 | Orc:2    | Found Uqikies's Book Boutique.
 14688 | Orc:2    | Reached XP level 13. HP: 111/122 MP: 12/12
 14730 | Orc:2    | Bought a manual of Axes for 1040 gold pieces
 15291 | Lair:1   | Entered Level 1 of the Lair of Beasts
 15338 | Lair:1   | Identified the +1 leather armour "Fepas" {rElec}
 16135 | Lair:1   | Found a runed translucent door.
 16138 | Lair:1   | Noticed case's ghost (journeyman MiBe)
 16394 | Orc:2    | Bought an amulet of reflection for 300 gold pieces
 16881 | Lair:2   | Found a staircase to the Swamp.
 17761 | Lair:3   | Reached skill level 17 in Axes
 17931 | Lair:3   | Found a hole to the Spider Nest.
 19098 | Lair:4   | Found a staircase to the Slime Pits.
 19098 | Lair:4   | Found a viscous altar of Jiyva.
 19527 | Lair:4   | Reached skill level 18 in Axes
 19796 | Lair:4   | Reached XP level 14. HP: 99/133 MP: 13/13
 20174 | Lair:5   | Entered Level 5 of the Lair of Beasts
 20209 | Lair:5   | Identified the ring of Generosity {Wiz Int+5}
 21409 | Lair:5   | Reached skill level 15 in Fighting
 21495 | Lair:5   | Reached skill level 19 in Axes
 21505 | Lair:5   | Received a gift from Trog
 21957 | Swamp:1  | Entered Level 1 of the Swamp
 22922 | Swamp:1  | Noticed Mlioglotl
 22923 | Swamp:1  | Noticed a brown very ugly thing
 22924 | Swamp:1  | Reached skill level 15 in Armour
 22930 | Swamp:1  | Killed Mlioglotl
 22943 | Swamp:1  | HP: 6/135 [bog body (27)]
 22944 | Swamp:1  | Mangled by a bog body

Illustrated notes

Levels and vault maps discovered:
D:1:      beargit_arrival_greenhouse, layout_rooms,
          chequers_serial_rivers_small_b, minmay_vboxes
D:2:      layout_rooms, ebering_ecumenical_altar_box, cheibrodos_gnoll_hut
D:3:      layout_rooms, mainiacjoe_overflow_six_doors_small
D:4:      layout_basic, reono_crystal_passage, minmay_goblin_kobold_house,
          uniq_natasha
D:5:      layout_loops_ring, nemelex_xobeh_ov_fountains_minmay,
          pdpol_wu_jian_five_deadly_venoms
D:6:      layout_loops_corners, minmay_temple_entry_trees, minmay_fountain_box
D:7:      layout_basic, nicolae_overflow_hidden_temple, kennysheep_little_box,
          gammafunk_temple_overflow_statue, minmay_tree_intersection,
          nzn_random_ring, uniq_duvessa
D:8:      layout_basic, biasface_ghost_orc_armoury
D:9:      minmay_recursive_quarters, layout_irregular_city,
          mainiacjoe_overflow_surrounded_room, erik_orc_1, serial_shops, shop,
          eino_tiny_chamber, hangedman_abyss_or_decor_stabs
D:10:     layout_irregular_city, lemuel_doored_altar, lair_entry_dummy,
          hangedman_ranch, uniq_joseph, uniq_erica, uniq_maurice, uniq_erolcha
Temple:   hellmonk_temple_forest_ring
Lair:1:   beast_lair_carwin_large_3, layout_misc_corridors,
          gammafunk_ghost_grave, chequers_serial_rivers_micro_d
Lair:2:   layout_gridlike, skrybe_swamp_entry_bodies,
          infiniplex_staircase_pool_2
Lair:3:   layout_layer_cave, hellmonk_spider_entry_life_and_decay, minivault_27,
          serial_bayou_shore_b, lemuel_fruit_tree
Lair:4:   layout_cave_pods, nicolae_slime_entry_slimehenge,
          infiniplex_staircase_pool, grunt_megastairs_2
Lair:5:   minmay_lair_end_enchanted_forest, layout_hall_layers
Swamp:1:  layout_falls_marsh, evilmike_swamp_ruin_house_5, uniq_mlioglotl
Orc:1:    layout_diamond_mine, uniq_fannar
Orc:2:    st_orc_open, layout_caves, basic_altar

Skill      XL: |  1  2  3  4  5  6  7  8  9 10 11 12 13 14 |
---------------+-------------------------------------------+-----
Axes           | 4 5 7 8 9 11 14 16 18 19 | 19.8
Fighting       | 5 8 10 13 14 15 | 15.6
Armour         | 4 7 10 12 14 15 | 15.2
Dodging        | 4 7 9 11 13 14 | 14.1

Action                     |  1- 3 |  4- 6 |  7- 9 | 10-12 | 13-15 || total
---------------------------+-------+-------+-------+-------+-------++-------
  Melee: Hand axe          |    76 |   121 |   144 |       |       ||   341
         Headbutt          |    11 |    15 |    45 |    95 |   120 ||   286
         Punch             |       |     2 |     1 |     4 |    10 ||    17
         War axe           |       |       |   152 |   493 |   454 ||  1099
         Broad axe         |       |       |       |       |   100 ||   100
         Morningstar       |       |       |       |       |     3 ||     3
 Invoke: Berserk           |     1 |     3 |    10 |    20 |     9 ||    43
         Trog's Hand       |       |       |     2 |     4 |     3 ||     9
  Evoke: Wand              |       |       |       |     4 |       ||     4
    Use: Scroll            |       |       |       |       |    10 ||    10
   Stab: Sleeping          |     1 |       |       |       |       ||     1
         Distracted        |       |       |       |     1 |     1 ||     2
 Armour: Animal skin       |    35 |    74 |       |       |       ||   109
         Scale mail        |       |     2 |   193 |   151 |       ||   346
         Plate armour      |       |       |       |   207 |   376 ||   583
         Skin              |       |       |       |     4 |       ||     4
  Dodge: Dodged            |    51 |    86 |    99 |   225 |   201 ||   662
         Repelled          |       |     1 |       |     2 |       ||     3
  Block: Other             |       |       |       |       |    70 ||    70
